 Dungeon Crawl Stone Soup version 0.30-a0-1043-g60ff8d5f49 (webtiles) character file.

Game seed: 13794570458787063564

7973 holysushi the Geomancer (level 11, -11/74 HPs)
             Began as a Grey Draconian Conjurer on Apr 11, 2023.
             Was an Initiate of Gozag.
             Mangled by a two-headed ogre
             ... wielding a +0 giant club
              (19 damage)
             ... on level 11 of the Dungeon.
             The game lasted 00:31:51 (14140 turns).

holysushi the Geomancer (Grey Draconian Conjurer)  Turns: 14140, Time: 00:31:52

Health: -11/74     AC: 14    Str: 10    XL:     11   Next: 3%
Magic:  4/21       EV: 16    Int: 22    God:    Gozag
Gold:   348        SH:  0    Dex: 16    Spells: 6/24 levels left

rFire   + . .      SeeInvis .    a - +2 dagger (drain)
rCold   + . .      Faith    .    (no shield)
rNeg    . . .      Spirit   .    (body armour unavailable)
rPois   .          Reflect  .    (helmet restricted)
rElec   .          Rampage  .    T - scarf {rC+ rF+}
rCorr   .                        b - +0 pair of gloves
Will    .....                    t - +0 pair of boots
Stlth   ++                       (no amulet)
HPRegen 0.32/turn                g - +6 ring of dexterity
MPRegen 0.17/turn                J - ring of wizardry

@: slowed, very slow
A: AC +12, amphibious, unfitting armour, cold-blooded
a: Renounce Religion, Potion Petition, Call Merchant, Bribe Branch


You were on level 11 of the Dungeon.
You worshipped Gozag.
Gozag was aware of your devotion.
You visited 1 branch of the dungeon, and saw 11 of its levels.

You collected 1200 gold pieces.
You spent 756 gold pieces at shops.
You paid 96 gold pieces to Gozag.

Inventory:

Hand Weapons
 a - a +2 dagger of draining (weapon)
 h - a +0 short sword
 y - the +1 rapier "Rohyeth" {flame, Drain rC+ Dex+4}
   (You found it on level 4 of the Dungeon)

   Dex:       It affects your dexterity (+4).
   rC:        It protects you from cold.
   Drain:     It drains your maximum health when unequipped.
 E - a +0 demon trident
Armour
 b - a +0 pair of gloves (worn)
 f - a +0 cloak
 t - a +0 pair of boots (worn)
 T - a scarf of resistance (worn)
Magical Staves
 S - the staff of air "Lutzeud" {rElec rF+ Will+}
   (You found it on level 9 of the Dungeon)

   [staff of air]

   Base accuracy: +5 Base damage: 5 Base attack delay: 1.2 This weapon's minimum
   attack delay (0.6) is reached at skill level 12.
   rF:        It protects you from fire.
   rElec:     It insulates you from electricity.
   Will:      It increases your willpower.
   It falls into the 'Staves' category.
   It is a one-handed weapon.
Jewellery
 g - a +6 ring of dexterity (left hand)
 l - a ring of resist corrosion
 q - an amulet of guardian spirit
 G - the ring "Sisor" {Fire Str+3}
   (You found it on level 6 of the Dungeon)

   [ring of fire]

   It enhances your fire magic.
   Str:       It affects your strength (+3).
   rF:        It protects you from fire.
   rC:        It makes you vulnerable to cold.
 J - a ring of wizardry (right hand)
Wands
 C - a wand of paralysis (13)
 D - a wand of roots (10)
 H - a wand of flame (43)
Scrolls
 d - 2 scrolls of silence {unknown}
 i - 2 scrolls of vulnerability {unknown}
 j - 13 scrolls of teleportation
 k - a scroll of enchant armour {unknown}
 m - 2 scrolls of noise {unknown}
 r - 3 scrolls of fog {unknown}
 w - 6 scrolls of immolation {unknown}
 x - 2 scrolls of torment {unknown}
 A - 3 scrolls of amnesia
 I - 2 scrolls of fear {unknown}
 M - a scroll of magic mapping {unknown}
 N - 2 scrolls of blinking
 O - a scroll of enchant weapon {unknown}
 P - 2 scrolls of identify
Potions
 c - 3 potions of flight
 e - 4 potions of haste
 n - 4 potions of mutation
 o - 3 potions of heal wounds
 p - 2 potions of magic
 s - a potion of brilliance {unknown}
 u - 3 potions of attraction {unknown}
 v - 3 potions of curing
 B - 3 potions of lignification {unknown}
 F - a potion of cancellation {unknown}
 K - a potion of degeneration {unknown}
 L - 2 potions of might {unknown}
 Q - 2 potions of resistance {unknown}
Miscellaneous
 z - a phial of floods (inert)
 R - a lightning rod (4/4)


   Skills:
 + Level 8.6 Dodging
 - Level 1.7 Stealth
 - Level 7.0 Spellcasting
 + Level 8.5 Conjurations
 - Level 12.0 Earth Magic


You had 6 spell levels left.
You knew the following spells:

 Your Spells              Type           Power      Damage    Failure   Level
a - Magic Dart            Conj           100%       1d8       1%          1
b - Searing Ray           Conj           90%        2d7       1%          2
c - Iron Shot             Conj/Erth      26%        9d6       8%          6
d - Lee's Rapid Deconstr  Erth           28%        3d15*     1%          5
e - Fulminant Prism       Conj/Hex       13%        3d8       6%          4

Your spell library contained the following spells:

 Spells                   Type           Power      Damage    Failure   Level
 Shock                    Conj/Air       100%       1d9       1%          1
 Static Discharge         Conj/Air       52%        2-5/arc   1%          2
 Dazzling Flash           Conj/Hex       52%        N/A       1%          3
 Apportation              Tloc           14%        N/A       3%          1
 Necrotise                Necr           28%        1d5       3%          1
 Summon Small Mammal      Summ           28%        N/A       3%          1
 Lesser Beckoning         Tloc           14%        N/A       4%          2
 Iskenderun's Mystic Bla  Conj/Tloc      26%        2d7       6%          4
 Call Canine Familiar     Summ           7%         N/A       10%         3
 Gell's Gravitas          Tloc           7%         N/A       10%         3
 Summon Guardian Golem    Hex/Summ       7%         N/A       10%         3
 Swiftness                Air            7%         N/A       10%         3
 Teleport Other           Tloc           7%         N/A       10%         3
 Volatile Blastmotes      Fire/Tloc      14%        2d11      10%         3
 Airstrike                Air            3%         2d(1-17)  32%         4
 Summon Lightning Spire   Summ/Air       7%         N/A       32%         4
 Blade Hands              Tmut           3%         N/A       63%         5
 Orb of Destruction       Conj           22%        9d8       61%         7
 Spellforged Servitor     Conj/Summ      13%        N/A       99%         7
 Animate Armour           Summ/Erth      Unusable   N/A       N/A         4

Dungeon Overview and Level Annotations

Branches:
Dungeon (11/15) Zot: 26832  Temple (0/1) D:5
   Lair: D:8-11         Orc: D:9-12

Altars:
Elyvilon
Gozag
Kikubaaqudgha
Okawaru
Ru
Uskayaw
Wu Jian
Jiyva

Shops:
D:3 [   D:4 **   D:9 *

Annotations:
D:4 4 runed translucent doors
D:10 2 transporters


Innate Abilities, Weirdness & Mutations

Your dull iron-grey scales are very hard. (AC +12)
You are amphibious.
You cannot fit into any form of body armour.
You are cold-blooded and may be slowed by cold attacks.


Message History

The wraith attacks as you move away! The wraith barely misses you.
The wraith hits you. The wraith drains your vigour!
You feel as though you will be slow longer.
Casting: Iron Shot (dangerous; 8% risk of failure)
Confirm with . or Enter, or press ? or * to list all spells.
Aiming: Lee's Rapid Deconstruction (dangerous; 1% risk of failure)
Press: ? - help, Dir - move target, p - wraith A rock wall.
The wall shatters!
The blast of rock fragments hits the wraith!
You destroy the wraith!
You hear a shout! x4; You hear two shouts!
An orc wizard comes into view. It is wielding a +0 dagger.
You see here 6 gold pieces.
(D) Dungeon (T) Temple
Where to? (Enter - D:11, ? - help)
An orc wizard is nearby!
A two-headed ogre comes into view. It is wielding two +0 giant clubs.
The orc wizard casts a spell at you.
The puff of flame hits you but does no damage.
The two-headed ogre misses you.
The two-headed ogre hits you with a +0 giant club!!
* * * LOW HITPOINT WARNING * * *
The two-headed ogre attacks as you move away!
The two-headed ogre closely misses you.
The two-headed ogre hits you with a +0 giant club!
* * * LOW HITPOINT WARNING * * *
An orc comes into view. It is wielding a +0 hand axe.
The orc wizard gestures wildly while chanting.
The orc wizard flickers and vanishes!
Deactivating autopickup; reactivate with Ctrl-A.
You hear a shout! x2
Blink to where?
Press: ? - help, Dir - move target
As you read the scroll of blinking, it crumbles to dust.
The two-headed ogre attacks as you move away!
The two-headed ogre closely misses you.
The two-headed ogre hits you with a +0 giant club!!
You die...
Your body crumbles into a pile of gold.

............... ...............
............# ##
#######################'#####...
......................$.........
..........#.............o.......
..........#.<####..###...##.....
..........#..####..###...##.....
...............@O...............
################################


You could see a two-headed ogre.

Vanquished Creatures
  A two-headed ogre (D:9)
  A death knight (D:9)
  2 kobold demonologists
  15 yaks
  3 wraiths
  2 vampires
  A steam dragon (D:8)
  2 acid dragons (D:8)
  A water moccasin (D:7)
  A black bear (D:6)
  An orc warrior (D:8)
  2 phantoms
  A centaur (D:5)
  5 bullfrogs
  A kobold brigand (D:9)
  A gnoll sergeant (D:9)
  3 scorpions
  8 wights
  12 killer bees
  4 howler monkeys
  A hound (D:4)
  2 jellies
  4 orc priests
  A sleepcap (D:6)
  A gnoll bouda (D:7)
  3 iguanas
  7 orc wizards
  10 gnolls
  6 adders
  A shadow imp (D:4)
  2 white imps
  An ufetubus (D:5)
  4 worms
  5 dart slugs
  15 orcs
  5 endoplasms
  3 giant cockroaches
  4 goblins
  3 hobgoblins
  2 jackals (D:4)
  12 kobolds
  3 quokkas
  8 ball pythons
  6 bats
  2 frilled lizards
  4 rats
182 creatures vanquished.

Vanquished Creatures (others)
  11 fulminant prisms
11 creatures vanquished.

Grand Total: 193 creatures vanquished

Notes
Turn   | Place    | Note
-------+----------+-------------------------------------------
     0 | D:1      | holysushi the Draconian Conjurer began the quest for the
                  | Orb.
     0 | D:1      | Reached XP level 1. HP: 14/14 MP: 3/3
   350 | D:1      | Reached XP level 2. HP: 20/20 MP: 0/5
  1105 | D:2      | Learned a level 2 spell: Searing Ray
  1274 | D:2      | Reached XP level 3. HP: 26/26 MP: 2/8
  1397 | D:2      | Reached XP level 4. HP: 33/33 MP: 5/10
  1713 | D:2      | Found a white marble altar of Elyvilon.
  2585 | D:3      | Found Jeese's Antique Armour Shop.
  3051 | D:3      | Reached XP level 5. HP: 31/38 MP: 2/11
  3127 | D:3      | Learned a level 3 spell: Dazzling Flash
  3186 | D:3      | Noticed a phantom
  3197 | D:3      | Killed a phantom
  3198 | D:3      | Reached skill level 5 in Conjurations
  3801 | D:3      | Bought a pair of boots for 76 gold pieces
  3830 | D:4      | Found Napunes's General Store.
  3830 | D:4      | Found Jiamar Lorch's Specific Store.
  3848 | D:4      | Bought a scroll of teleportation for 33 gold pieces
  3882 | D:4      | Found a large runed translucent door.
  3882 | D:4      | Found a large runed translucent door.
  3891 | D:4      | Found a large runed translucent door.
  3891 | D:4      | Found a large runed translucent door.
  3952 | D:4      | Reached XP level 6. HP: 45/45 MP: 7/12
  4921 | D:4      | Identified the +1 rapier "Rohyeth" {flame, Drain rC+ Dex+4}
  5374 | D:3      | Bought a cloak for 76 gold pieces
  5443 | D:5      | Entered Level 5 of the Dungeon
  5449 | D:5      | Reached skill level 5 in Spellcasting
  5747 | D:5      | Your scales start taking on a dull iron-grey colour.
  5747 | D:5      | Reached XP level 7. HP: 50/50 MP: 6/14
  6213 | D:5      | Found an ornate altar of the Wu Jian Council.
  6214 | D:5      | Found an opulent altar of Gozag.
  6224 | D:5      | Found a sacrificial altar of Ru.
  6224 | D:5      | Found an ancient bone altar of Kikubaaqudgha.
  6227 | D:5      | Found an iron altar of Okawaru.
  6228 | D:5      | Found a hide-covered altar of Uskayaw.
  6354 | D:5      | Noticed a kobold demonologist
  6364 | D:5      | Killed a kobold demonologist
  6365 | D:5      | Reached skill level 5 in Dodging
  6491 | D:5      | Found a staircase to the Ecumenical Temple.
  6592 | D:6      | Reached XP level 8. HP: 57/57 MP: 5/15
  6911 | D:6      | Learned a level 4 spell: Fulminant Prism
  6951 | D:6      | Learned a level 5 spell: Lee's Rapid Deconstruction
  7333 | D:5      | Became a worshipper of Gozag Ym Sagoz the Greedy
  7345 | D:6      | Reached skill level 1 in Earth Magic
  7589 | D:6      | Identified the ring "Sisor" {Fire Str+3}
  8036 | D:7      | Reached skill level 2 in Earth Magic
  8271 | D:7      | Reached skill level 3 in Earth Magic
  8428 | D:7      | Reached skill level 4 in Earth Magic
  8660 | D:8      | Reached skill level 5 in Earth Magic
  8730 | D:8      | Reached skill level 6 in Earth Magic
  8966 | D:8      | Reached skill level 7 in Earth Magic
  8986 | D:8      | Reached XP level 9. HP: 43/62 MP: 1/16
  9157 | D:8      | Reached skill level 8 in Earth Magic
  9683 | D:9      | Noticed a purple ugly thing
 10077 | D:9      | Noticed a death knight
 10086 | D:9      | Noticed a boulder beetle
 10404 | D:9      | Found Zeukk's Assorted Antiques.
 10414 | D:9      | Bought a scroll of teleportation for 81 gold pieces
 10414 | D:9      | Bought a scroll labelled PISODI ONKIODEXT for 27 gold
                  | pieces
 10466 | D:9      | Noticed a two-headed ogre
 10608 | D:9      | Reached skill level 9 in Earth Magic
 10784 | D:8      | Learned a level 6 spell: Iron Shot
 10876 | D:9      | Killed a death knight
 10877 | D:9      | Reached skill level 10 in Earth Magic
 11114 | D:4      | Bought 3 scrolls of blinking for 247 gold pieces
 11356 | D:9      | Reached XP level 10. HP: 69/69 MP: 12/19
 11408 | D:9      | Reached skill level 11 in Earth Magic
 12067 | D:9      | Killed a two-headed ogre
 12456 | D:9      | Identified the staff of air "Lutzeud" {rElec rF+ Will+}
 12660 | D:9      | Bought a runed scarf for 216 gold pieces
 12700 | D:10     | Entered Level 10 of the Dungeon
 12933 | D:10     | Reached skill level 12 in Earth Magic
 13368 | D:10     | Found a transporter.
 13375 | D:10     | Found a viscous altar of Jiyva.
 13375 | D:10     | Found a transporter.
 13433 | D:10     | Noticed an eye of devastation
 13434 | D:10     | Noticed an eye of devastation
 13666 | D:10     | Reached XP level 11. HP: 60/74 MP: 17/21
 14133 | D:11     | Noticed a two-headed ogre
 14140 | D:11     | Mangled by a two-headed ogre

Illustrated notes

Levels and vault maps discovered:
D:1:      roderic_crossed_star, layout_loops_ring
D:2:      layout_loops_corners, basic_altar, grunt_ministairs_6
D:3:      layout_loops_cross, serial_shops, shop, minmay_misc_feat_tiny,
          chequers_serial_rivers_small_b
D:4:      layout_loops_corners, nicolae_specific_store, mrwooster_statue_mirror,
          chequers_serial_rivers_marsh, minmay_hollow_rounded_squares
D:5:      layout_cave_pools, minitemple, minmay_temple_entry_fiery,
          grunt_ministairs_4
D:6:      layout_basic
D:7:      layout_cave_pools
D:8:      layout_rooms
D:9:      layout_stronghold, serial_shops, nicolae_shop_trees,
          minmay_mirror_moons_of_madness
D:10:     gammafunk_jiyva_shrine, layout_loops_corners
D:11:     layout_stronghold, hellmonk_lair_entry_icy, solitary_fountain,
          uniq_urug

Skill      XL: |  1  2  3  4  5  6  7  8  9 10 |
---------------+-------------------------------+-----
Spellcasting   | 3 4 5 6 7 |  7.0
Conjurations   | 5 6 7 8 |  8.5
Dodging        | 3 5 7 8 |  8.6
Earth Magic    | 7 10 12 | 12.0
Stealth        | |  1.7

Action                     |  1- 3 |  4- 6 |  7- 9 | 10-12 || total
---------------------------+-------+-------+-------+-------++-------
  Melee: Unarmed           |     7 |       |       |       ||     7
         Tailslap          |     1 |     3 |     8 |    55 ||    67
         Short sword       |     4 |     3 |       |       ||     7
         Dagger            |       |    11 |    76 |   219 ||   306
         Punch             |       |       |     2 |     7 ||     9
   Cast: Magic Dart        |    28 |    68 |    27 |     1 ||   124
         Searing Ray       |     6 |    28 |    54 |     6 ||    94
         Fulminant Prism   |       |       |     1 |    10 ||    11
         Lee's Rapid Decon |       |       |    14 |     1 ||    15
         Iron Shot         |       |       |     8 |    19 ||    27
  Evoke: Wand              |       |       |     1 |       ||     1
         Phial of floods   |       |       |     1 |       ||     1
    Use: Scroll            |       |     1 |     6 |     1 ||     8
         Potion            |       |       |     3 |     1 ||     4
 Armour: Skin              |     9 |    21 |    83 |    79 ||   192
  Dodge: Dodged            |    11 |    25 |   166 |   111 ||   313

Table legend: (Time is in decaauts)
 A = Elapsed time spent in this place.
 B = Non-inter-level travel time spent in this place.
 C = Inter-level travel time spent in this place.
 D = Time resting spent in this place.
 E = Time spent auto-exploring this place.
 F = Levels seen in this place.
 G = Mean time per level.
                   A        B        C        D        E       F      G
               +--------+--------+--------+--------+--------+-----+--------+
         Total |  14166 |  13178 |    988 |   4539 |   6029 |  11 | 1287.8 |
       Dungeon |  14166 |  13178 |    988 |   4539 |   6029 |  11 | 1287.8 |
               +--------+--------+--------+--------+--------+-----+--------+

Top non-repeatable levels by time:
     D:9: 2005 daAuts
     D:8: 1893 daAuts
     D:4: 1787 daAuts
     D:2: 1603 daAuts
     D:6: 1337 daAuts
     D:3: 1299 daAuts
    D:10: 1283 daAuts
     D:5: 1109 daAuts
     D:1: 964 daAuts
     D:7: 715 daAuts
    D:11: 167 daAuts
